AoeStats
← HijoClauAmen

Highland

503883621Analyzed
4v4 RM · 1mo ago on Sep 2, 2026· 78m 23s· 8 players
Game mode
Random Map
Map size
Large (8 player)
Population
200
Speed
Normal
Resources
Standard
Victory
Conquest
Starting age
Dark Age
Ending age
Imperial Age
RankedLock teamsTeams togetherTeam positionsShared explorationLock speedFull tech treeHidden civsTurbo modeCheats
Victory
Defeat
🇦🇷 Turks · Argentina
799
+15
🇵🇪 Portuguese · Peru
788
+16
🇦🇷 Chinese · Argentina
763
+17
🇮🇳 Inca · India
718
+19
🇲🇰 Goths · North Macedonia
809
-43
🇵🇱 Khmer · Poland
772
-34
🇮🇹 Italians · Italy
770
-16
🇺🇸 Japanese · United States
765
-16
TocTheYoungr
5:06 Loom
11:24 Feudal Age
12:43 Wheelbarrow
11:59 Double-Bit Axe
13:41 Gold Mining
13:46 Horse Collar
15:25 Bloodlines
22:33 Castle Age
24:15 Fletching
24:54 Bodkin Arrow
26:01 Hand Cart
25:59 Padded Archer Armor
28:01 Bow Saw
29:19 Heavy Plow
31:33 Leather Archer Armor
32:05 Ballistics
33:52 Gold Shaft Mining
35:19 Stone Mining
35:49 Husbandry
39:01 Imperial Age
38:05 Thumb Ring
38:05 Treadmill Crane
38:42 Caravan
40:59 Fervor
41:38 Conscription
41:23 Yasama
41:40 Heavy Cavalry Archer
42:48 Parthian Tactics
43:43 Bracer
44:14 Ring Archer Armor
45:06 Chemistry
46:51 Redemption
47:07 Illumination
47:18 Theocracy
46:59 Block Printing
47:16 Sanctity
47:48 Arrowslits
47:55 Guard Tower
48:16 Masonry
48:27 Elite Skirmisher
51:06 Elite Samurai
52:45 Forging
52:35 Scale Mail Armor
55:11 Chain Mail Armor
55:31 Iron Casting
54:20 Light Cavalry
57:37 Plate Mail Armor
58:08 Blast Furnace
73:13 Two-Man Saw
carognavera
9:57 Feudal Age
11:14 Wheelbarrow
10:27 Double-Bit Axe
10:25 Horse Collar
15:52 Gold Mining
19:25 Stone Mining
23:01 Castle Age
24:33 Bow Saw
24:26 Heavy Plow
25:23 Stone Shaft Mining
27:05 Hand Cart
32:42 Caravan
37:10 Imperial Age
35:14 Padded Archer Armor
35:04 Fletching
35:25 Forging
35:16 Scale Mail Armor
36:58 Ballistics
36:29 Heated Shot
36:54 Fortified Wall
36:35 Town Watch
36:43 Arson
37:18 Leather Archer Armor
36:59 Bodkin Arrow
37:32 Silk Road
38:06 Town Patrol
39:12 Chain Mail Armor
39:33 Iron Casting
39:28 Ring Archer Armor
40:01 Chemistry
40:31 Two-Man Saw
40:03 Crop Rotation
41:45 Plate Mail Armor
42:49 Blast Furnace
54:14 Bracer
54:37 Bombard Tower
54:03 Arrowslits
54:08 Guard Tower
68:35 Squires
67:56 Pikeman
red terror
12:57 Feudal Age
11:13 Loom
14:16 Wheelbarrow
15:01 Double-Bit Axe
15:01 Horse Collar
17:28 Gold Mining
17:42 Stone Mining
22:48 Castle Age
24:45 Hand Cart
24:16 Town Watch
24:46 Heavy Plow
25:02 Bow Saw
25:33 Gold Shaft Mining
25:42 Stone Shaft Mining
26:02 Town Patrol
29:34 Murder Holes
29:50 Masonry
32:44 Imperial Age
33:31 Caravan
35:12 Elite Ballista Elephant
36:28 Hoardings
36:32 Tusk Swords
38:16 Double Crossbow
54:10 Sappers
55:06 Conscription
56:41 Scale Barding Armor
56:37 Scale Mail Armor
56:37 Padded Archer Armor
56:28 Fletching
56:49 Forging
57:05 Ballistics
59:56 Chain Barding Armor
59:59 Leather Archer Armor
60:17 Chain Mail Armor
63:13 Bodkin Arrow
64:26 Bracer
65:16 Iron Casting
65:35 Ring Archer Armor
Babe_Gutot
11:33 Feudal Age
11:56 Horse Collar
12:54 Wheelbarrow
16:05 Fishing Lines
16:56 Man-at-Arms
20:51 Gold Mining
25:32 Castle Age
26:06 Stone Mining
26:20 Heavy Plow
26:06 Double-Bit Axe
26:44 Hand Cart
26:19 Long Swordsman
34:42 Imperial Age
33:33 Caravan
33:40 Heavy Plow
33:52 Bow Saw
34:58 Coinage
35:30 Perfusion
35:33 Squires
35:29 Two-Handed Swordsman
36:10 Two-Handed Swordsman
37:21 Scale Mail Armor
37:54 Conscription
37:58 Anarchy
40:15 Chain Mail Armor
40:11 Forging
39:28 Champion
41:29 Guilds
48:10 Husbandry
62:29 Iron Casting
72:10 Husbandry
71:30 Cavalier
72:59 Light Cavalry
73:49 Bloodlines
76:09 Hussar
The Underwear Man
0:33 Loom
9:44 Feudal Age
11:28 Wheelbarrow
12:01 Champi Runner
12:29 Arson
13:36 Horse Collar
18:06 Double-Bit Axe
19:03 Forging
19:48 Scale Mail Armor
19:40 Fletching
23:37 Castle Age
25:25 Iron Casting
25:06 Chain Mail Armor
24:19 Champi Warrior
25:00 Squires
26:35 Pikeman
27:14 Bodkin Arrow
28:43 Heavy Plow
28:57 Bow Saw
32:28 Caravan
34:51 Gold Mining
35:11 Treadmill Crane
35:48 Masonry
38:17 Imperial Age
36:25 Hand Cart
37:21 Gold Shaft Mining
41:27 Crop Rotation
43:08 Stone Mining
43:56 Ballistics
43:33 Murder Holes
44:21 Conscription
44:38 Elite Champi Warrior
46:41 Blast Furnace
46:38 Plate Mail Armor
50:15 Fabric Shields
54:32 Thumb Ring
56:05 Crossbowman
57:40 Andean Sling
57:05 Arbalester
58:08 Bracer
58:09 Padded Archer Armor
63:55 Chemistry
72:27 Onager
75:06 Siege Engineers
75:49 Stone Shaft Mining
0204isaias
6:39 Loom
13:27 Feudal Age
15:10 Double-Bit Axe
23:52 Castle Age
21:59 Gold Mining
21:59 Stone Mining
22:49 Horse Collar
30:29 Circumnavigation
31:39 Heavy Plow
37:24 Imperial Age
35:49 Wheelbarrow
36:52 Hand Cart
36:26 Town Watch
38:30 Conscription
39:30 Chemistry
38:15 Treadmill Crane
39:37 Bow Saw
40:08 Elite Organ Gun
52:21 Light Cavalry
53:13 Bloodlines
67:18 Caravan
HijoClauAmen
10:00 Loom
11:45 Feudal Age
16:24 Castle Age
26:17 Double-Bit Axe
26:23 Gold Mining
26:19 Horse Collar
29:21 Stone Mining
32:39 Imperial Age
30:39 Bow Saw
31:08 Gold Shaft Mining
30:37 Heavy Plow
31:16 Wheelbarrow
38:25 Two-Man Saw
40:19 Bombard Tower
40:20 Ballistics
41:43 Artillery
43:46 Padded Archer Armor
44:13 Caravan
46:11 Elite Janissary
48:48 Leather Archer Armor
jeredino123
12:06 Feudal Age
13:23 Wheelbarrow
12:37 Double-Bit Axe
12:35 Horse Collar
13:11 Gold Mining
17:04 Fishing Lines
25:41 Castle Age
24:19 Padded Archer Armor
24:09 Fletching
26:49 Hand Cart
26:47 Bow Saw
26:52 Heavy Plow
27:33 Leather Archer Armor
27:14 Bodkin Arrow
30:45 Imperial Age
29:23 Caravan
30:30 Gold Shaft Mining
31:41 Stone Mining
32:36 Ring Archer Armor
32:06 Bracer
34:58 Stone Shaft Mining
35:03 Elite Chu Ko Nu
37:30 Two-Man Saw
42:25 Chemistry
41:46 Ballistics
42:04 Demolition Ship
46:38 Gillnets
61:58 Scale Mail Armor
62:08 Forging
64:10 Heavy Rocket Cart
Connection lost

Rejoining the realm…

Still unreachable

The connection could not be restored.

Session expired

The server has moved on; the page needs a fresh start.